[Event "Fagernes Chess GM-Swiss 2024"]
[Site "Fagernes"]
[Date "2024.03.25"]
[Round "2"]
[White "Koelle, Tobias"]
[Black "Akshit Kumar J"]
[Result "1-0"]
[ECO "B13"]
[WhiteElo "2460"]
[BlackElo "2172"]
[Annotator "TA"]
[PlyCount "59"]
[EventDate "2024.03.25"]
[EventType "swiss"]
[EventCountry "NOR"]
[SourceTitle "playchess.com"]
[Source "ChessBase"]
[SourceQuality "1"]
[TimeControl "40/6000+30:2400+30"]

1. d4 d5 2. Nf3 Nf6 3. Bf4 c5 4. e3 Nc6 5. Nbd2 cxd4 6. exd4 Bg4 7. c3 e6 8. Qb3 Qc8 9. Bd3 Be7 10. O-O Bh5 11. Rfe1 Bg6 12. Bxg6 hxg6 13. a3 {[%emt 0:02:06] White is slightly better.} Nh5 14. Bg5 Bxg5 15. Nxg5 Nf6 16. Ndf3 Qd7 17. Qc2 {[%emt 0:02:07] White is more active.} O-O-O 18. b4 {[%emt 0:01:18] [#] Threatens to win with b5.} Nh7 19. Nxh7 Rxh7 20. Rac1 {[%emt 0:00:43] Strongly threatening c4.} Kb8 21. Qd2 {[%emt 0:03:58] Black must now prevent b5.} f6 {[%emt 0:09:08] [#]} ({Better is} 21... Qd6 $14) 22. Qf4+ $1 $16 Qd6 23. Qg4 Rdh8 (23... g5 $16) 24. h3 $18 (24. Rxe6 Rxh2 25. g3 Rh1+ (25... Qxe6 $2 26. Qxe6 Rh1+ 27. Kg2 $18) 26. Kg2 Qxe6 27. Qxe6 Rxc1 $18) 24... g5 25. Rxe6 ({Resist} 25. Qxe6 $6 Qxe6 26. Rxe6 g4 $14) 25... Qd7 (25... Qf4 {keeps fighting.} 26. Qxf4+ gxf4) 26. Rce1 Nd8 (26... Ka8 {is a better defense.} 27. Re8+ Qxe8) 27. Qg3+ Ka8 (27... Qc7 {was worth a try.}) 28. Re7 Qf5 (28... Qc8 $142 29. Rc7 Qb8) 29. Qc7 {[%emt 0:01:44][%cal Oe7e8] Intending Re8! and mate.} g4 30. Rd7 {[%emt 0:00:31] Weighted Error Value: White=0.03 (flawless) /Black=0.65.  Mistake:       	---       	Black=6      Inaccurate:     	White=1     	Black=1      OK:         	White=8     	Black=2      Best:        	White=4     	---        Strong:       	White=1     	---} (30. Re8 $142 Rxe8 31. Rxe8 Qb1+ 32. Ne1 (32. Re1 Qxe1+ 33. Nxe1 Nc6 $18) 32... Qxe1+ 33. Rxe1 a6 34. Qxd8+ Ka7 35. b5 (35. Qxd5 Rh8 36. Re7 Rb8 37. hxg4 Ka8 38. Rxg7 Ka7 39. Qc5+ Ka8 40. Qb6 f5 41. gxf5 Rh8 42. Qxb7#) 35... axb5 36. Qa5+ Kb8 37. Re8#) 1-0

[Event "Fagernes Chess GM-Swiss 2024"]
[Site "Fagernes"]
[Date "2024.03.25"]
[Round "2"]
[White "Willow, Jonah B"]
[Black "Nordahl, Helge"]
[Result "1-0"]
[ECO "B12"]
[WhiteElo "2446"]
[BlackElo "2330"]
[Annotator "TA"]
[PlyCount "87"]
[EventDate "2024.03.25"]
[EventType "swiss"]
[EventCountry "NOR"]
[SourceTitle "playchess.com"]
[Source "ChessBase"]
[SourceQuality "1"]
[TimeControl "40/6000+30:2400+30"]

1. e4 c6 2. d4 d5 3. e5 c5 4. Nf3 Bg4 5. dxc5 Nc6 6. c3 e6 7. Be3 a6 8. b4 {[%emt 0:19:00] White is slightly better.} (8. Qb3 $5) 8... g6 9. Nbd2 Bg7 10. Bd4 Nge7 11. Be2 Qc7 12. O-O Bxf3 13. Nxf3 Nxe5 14. Nxe5 Bxe5 15. f4 Bxd4+ 16. cxd4 Nc6 17. Qd2 Qe7 18. Bd1 Qf6 19. Ba4 O-O 20. Rad1 h5 21. Rf3 Rfc8 22. Ra3 Ne7 23. Re1 Nf5 24. Re5 Rab8 25. Bc2 Ne7 26. Re1 Nf5 ({Black should try} 26... Nc6 $11 27. Rd1 h4) 27. Re5 (27. Bxf5 $14 Qxf5 28. Re5) 27... Ne7 $11 28. Re1 $1 Nf5 (28... Nc6 $11) 29. Bxf5 $14 Qxf5 30. Re5 {[%emt 0:01:21] Black is weak on the dark squares} Qf6 31. Rg3 {[%emt 0:02:29] White is more active.} b6 32. h3 (32. Rxh5 $2 {too greedy.} bxc5 33. bxc5 (33. dxc5 $2 {is the wrong capture.} Qa1+ 34. Kf2 Rxc5 $19) 33... Rb1+ 34. Kf2 Rcb8 $19) 32... bxc5 33. dxc5 a5 34. a3 axb4 35. axb4 Rb5 (35... Ra8 $1 $11) 36. Rxh5 (36. Ra3 $14 {is more appropriate.}) 36... Rcb8 $11 37. f5 $1 exf5 38. Qxd5 $40 {[%emt 0:00:06][%mdl 128] Black needs to defend precisely.} f4 {[%emt 0:00:28][%mdl 8192] [#]} (38... Kf8 $11 39. Rh7 Rxb4) 39. Rxg6+ $3 $18 {[%emt 0:01:05][%mdl 512] White is clearly winning.} Qxg6 40. Rg5 Qxg5 41. Qxg5+ Kf8 42. Qh6+ Kg8 43. c6 Rxb4 44. c7 {[%emt 0:00:37] Weighted Error Value: White=0.14 (very precise) /Black=0.16 (very precise) .  Loses game:     	---       	Black=1      Mistake:       	White=2     	Black=3      Inaccurate:     	White=3     	Black=2      OK:         	White=9     	Black=14     Best:        	White=1     	Black=3      Strong:       	White=2     	---        Brilliant:      	White=1     	---} 1-0

[Event "Fagernes Chess GM-Swiss 2024"]
[Site "Fagernes"]
[Date "2024.03.25"]
[Round "2"]
[White "Elsness, Frode"]
[Black "Southcott-Moyers, Indy"]
[Result "1-0"]
[ECO "E04"]
[WhiteElo "2437"]
[BlackElo "2120"]
[Annotator "TA"]
[PlyCount "223"]
[EventDate "2024.03.25"]
[EventType "swiss"]
[EventCountry "NOR"]
[SourceTitle "playchess.com"]
[Source "ChessBase"]
[SourceQuality "1"]
[TimeControl "40/6000+30:2400+30"]

1. Nf3 d5 2. g3 Nf6 3. Bg2 c5 4. O-O Nc6 5. d4 e6 6. c4 dxc4 7. dxc5 Qxd1 8. Rxd1 Bxc5 9. Nbd2 c3 10. bxc3 O-O 11. Nb3 Be7 12. Bb2 Bd7 13. c4 Rfc8 {[%emt 0:03:16] Die Stellung ist ausgeglichen.} 14. c5 Be8 15. Nfd2 b6 16. cxb6 axb6 17. Nc4 Rab8 18. Nd6 Bxd6 19. Rxd6 Na5 20. Nxa5 bxa5 21. Bd4 a4 22. Bf3 Rb5 23. e4 e5 24. Be3 Rbb8 25. g4 Nd7 26. g5 Nf8 27. Kg2 Bb5 28. Kg3 Bc4 29. a3 {[%emt 0:00:58] Schwarz hat schwache schwarze Felder} Bb3 30. Rc1 Rxc1 31. Bxc1 Ne6 32. Be3 Rd8 33. Rxd8+ Nxd8 $14 {[%emt 0:00:26][%mdl 4096] Endspiel. KBB-KBN} 34. Bc5 Ne6 35. Be7 Bc2 36. h4 Nd4 37. Bg2 Ne2+ 38. Kg4 Nf4 39. Bf3 Nd3 40. Kg3 Nb2 41. Bg2 Nd3 42. Bh3 Nf4 43. Bd7 Bd1 (43... f6 $5) 44. f3 Bb3 45. Bb5 Ne6 46. Be8 Nf4 47. Bd6 f6 48. Be7 fxg5 49. hxg5 Ne6 50. Kf2 Nc7 51. Bc6 Kf7 ({Besser ist} 51... Ne6 $14) 52. Bd6 $16 Ne6 53. Bxe5 {[%emt 0:00:18] f4 wäre nun fies. Ein starkes Läuferpaar.} Nxg5 54. f4 Ne6 55. Ke3 g6 56. f5 gxf5 57. exf5 Ng7 58. Kf4 Ne8 59. Kg5 {[%emt 0:00:44] Weiß steht aktiver.} Nf6 60. Bf3 (60. Bxf6 $6 h6+ 61. Kxh6 Kxf6 $11) 60... Bc2 61. Bd4 (61. Bxf6 $6 h6+ 62. Kf4 Kxf6 $11) 61... Ne4+ {[%emt 0:00:43] [#]} 62. Kf4 $1 Nf6 63. Be2 Bb3 64. Bb5 Nd5+ 65. Ke5 Nf6 66. Bb6 Ng4+ 67. Kf4 Nf6 {[%emt 0:00:12] Und jetzt ...Nd5+ wäre schön.} 68. Bf2 Nd5+ 69. Kg5 Nf6 {[%emt 0:00:09] Droht ...Ne4+ und aus.} 70. Bd4 Ne4+ 71. Kh6 (71. Kf4 $16 Nf6 72. Bd3) 71... Nf6 (71... Nd6 $11 72. Bd3 Bd5) 72. Be2 Bd5 73. Bd1 ({Günstiger ist} 73. Kg5 $16) 73... Bc6 (73... Bb3 $11 {hält das Gleichgewicht.} 74. Be2 Bd5) 74. Kg5 Bb5 75. Kf4 (75. Bxf6 $6 h6+ 76. Kxh6 Kxf6 $11) 75... Nd5+ 76. Ke5 Nf6 77. Bf2 Nd7+ 78. Kd6 Nf6 {[%emt 0:00:04] Pariert Bh5+. Weiss muss nun ...Ne4+ beachten.} 79. Bh4 h5 80. Ke5 Ng4+ 81. Kf4 Nf6 82. Kg5 Bc6 83. Be2 (83. Bxh5+ Nxh5 84. Kxh5 Ke8 $15) 83... Bd5 84. Bb5 (84. Bxh5+ Nxh5 85. Kxh5 Be4 $11) 84... Bb3 85. Bc6 Bd1 86. Bb5 Bb3 $1 {[%emt 0:00:02] Lässt Bc4+ nicht zu} 87. Be1 Nd5 88. Bc6 ({Doch nicht} 88. Kxh5 Ne3 $15) 88... Ne3 {[%emt 0:00:24] [#]} (88... Nf6 $16 {war nötig.}) 89. Bf2 $1 $18 (89. Kxh5 Nc2 90. Bc3 Nxa3 $11) 89... Nc4 90. Bd5+ (90. Kxh5 Nxa3 91. Bd4 Nc2 $11) 90... Ke8 91. Bc5 (91. Kxh5 Nxa3 92. Be4 Nc2 $11) 91... Ne5 92. Be4 Kf7 93. Bd4 ({Minderwertig wäre} 93. Kxh5 Nd7 94. Bd4 Nf6+ 95. Bxf6 Kxf6 $11) 93... Nd7 94. Bf3 ({Schlechter ist} 94. Kxh5 Nf6+ 95. Bxf6 Kxf6 $11) 94... h4 95. Kxh4 Nf6 96. Kg5 Nh7+ 97. Kf4 Nf6 98. Be2 Bd5 99. Bd1 Bc6 (99... Bb3 $142) 100. Ke5 Ke7 (100... Bb5 $142 101. Be3 Nd7+ 102. Kd4 Kf6) 101. Be2 Nd7+ 102. Kf4 {[%emt 0:00:05] Danach kann Schwarz die Partie nicht mehr halten.} Nf6 103. Kg5 Ne4+ 104. Kg6 Kd7 105. f6 Nxf6 106. Kxf6 Kc7 107. Ke5 {[%emt 0:00:14] Beabsichtigt Bg4 und Matt.} Kb7 108. Kd6 {[%emt 0:00:05][%cal Oe2a6] Droht Matt per Ba6+!} Be8 109. Bf3+ Ka6 110. Kc7 {[%emt 0:00:39] Weiß setzt Matt.} Ka5 111. Kb7 Bc6+ 112. Kxc6 {[%emt 0:00:12] Gewichteter Fehlerwert: Weiß=0.05 (makellos) /Schwarz=0.06 (makellos) .  Fehler:       	Weiß=2     	Schwarz=6     Ungenau:       	Weiß=1     	Schwarz=6     OK:         	Weiß=43    	Schwarz=37    Bester:       	Weiß=4     	Schwarz=6     Stark:        	Weiß=2     	Schwarz=1} 1-0

[Event "Fagernes Chess GM-Swiss 2024"]
[Site "Fagernes"]
[Date "2024.03.25"]
[Round "2"]
[White "Sorensen, Hampus"]
[Black "Oksendal, Martin"]
[Result "1/2-1/2"]
[ECO "A50"]
[WhiteElo "2428"]
[BlackElo "2086"]
[Annotator "TA"]
[PlyCount "119"]
[EventDate "2024.03.25"]
[EventType "swiss"]
[EventCountry "NOR"]
[SourceTitle "playchess.com"]
[Source "ChessBase"]
[SourceQuality "1"]
[TimeControl "40/6000+30:2400+30"]

1. d4 Nf6 2. c4 e6 3. Bf4 d5 4. cxd5 exd5 5. e3 Bd6 6. Bxd6 {[%emt 0:00:43] A50: Damenindisch (ohne e7-e6).} Qxd6 7. Bd3 O-O 8. Nc3 c6 9. h3 Re8 10. Qc2 b6 11. Nf3 $146 ({Predecessor:} 11. Rc1 c5 12. dxc5 bxc5 13. Nb5 Qd8 14. Qxc5 Na6 15. Qa3 d4 16. Nf3 dxe3 17. O-O exf2+ 18. Rxf2 {½-½ Tabatabaei,M (2686)-Adhiban,B (2610) Tata Steel-B 85th 2023 (1)}) 11... Ba6 12. O-O Bxd3 13. Qxd3 Nbd7 14. Rac1 Ne4 15. Rc2 Nxc3 16. Rxc3 c5 17. dxc5 bxc5 18. Rd1 Nf6 19. Qc2 Rac8 {[%emt 0:04:53] [#]} 20. b4 $1 Ne4 ({Falsch wäre} 20... c4 $2 21. Rxc4 Rxc4 22. Qxc4 $18) 21. bxc5 Qa6 22. Rb3 (22. Qd3 $16 Qa5 23. Rcc1 Rxc5 24. Rxc5 Qxc5 25. Qxd5) 22... Rxc5 $11 23. Qb2 Rec8 24. Nd4 g6 25. Rb8 Qf6 26. Re1 Kg7 27. Rxc8 Rxc8 28. Re2 Nd6 29. Rc2 Rxc2 30. Qxc2 Nc4 31. Qd1 Qe5 32. Ne2 a6 33. Kh1 Nb2 34. Qa1 Nd3 35. Qxe5+ Nxe5 36. Nf4 d4 $1 37. exd4 Nc6 $1 38. d5 Nb4 (38... Ne5 $11 {scheint genauer.}) 39. a3 Nc2 40. a4 Nb4 41. d6 Kf6 42. h4 a5 43. Kh2 Na6 44. Nd5+ (44. d7 $5 Ke7 $8 45. Nd5+ Kxd7 46. Nb6+ (46. Nf6+ Ke6 $15) 46... Kc7 47. Nc4 $16) 44... Ke6 45. d7 Kxd7 $1 46. Nb6+ (46. Nf6+ Ke7 47. Ne4 f5) 46... Ke6 47. Nc4 Nc5 48. Nxa5 Nxa4 49. Nb3 Nc3 50. Kg3 Ne4+ 51. Kf3 Ke5 52. Nc1 Nc5 53. Ke3 Kf5 54. f3 h5 55. g3 f6 56. Ne2 Ne6 57. g4+ hxg4 58. f4 Nxf4 59. Nxf4 g5 60. hxg5 1/2-1/2

[Event "Fagernes Chess GM-Swiss 2024"]
[Site "Fagernes"]
[Date "2024.03.25"]
[Round "2"]
[White "Tsolakidou, Stavroula"]
[Black "Jumabayev, Rinat"]
[Result "0-1"]
[ECO "B95"]
[WhiteElo "2424"]
[BlackElo "2598"]
[Annotator "TA"]
[PlyCount "130"]
[EventDate "2024.03.25"]
[EventType "swiss"]
[EventCountry "NOR"]
[SourceTitle "playchess.com"]
[Source "ChessBase"]
[SourceQuality "1"]
[TimeControl "40/6000+30:2400+30"]

1. e4 c5 2. Nf3 d6 3. d4 cxd4 4. Nxd4 Nf6 5. Nc3 a6 6. Bg5 e6 7. Qf3 h6 {[%emt 0:07:54] B95: Sizilianisch (Najdorf-Variante mit 6.Lg5).} 8. Bd2 {[%emt 0:06:52] ist inzwischen erfolgreicher als 8.Be3.} Qb6 9. Nb3 Qc7 10. O-O-O Nbd7 11. g4 $146 ({Predecessor:} 11. Qg3 b5 12. a3 Bb7 13. Bd3 h5 14. f4 Rc8 15. Kb1 Be7 16. Rhe1 h4 17. Qh3 {0-1 Chinchilla,A (2145)-Quesada Perez,L (2520) Central America-ch 24th 2023 (4)}) 11... b5 12. a3 Bb7 13. Bg2 Rc8 14. Qe2 d5 15. exd5 Nxd5 16. Rhg1 N7b6 17. Nd4 Be7 18. Nxd5 Nxd5 19. Bxd5 Bxd5 20. f4 (20. Bb4 $15) 20... Bf6 (20... Bc5 $142 21. Be3 O-O) 21. Be3 $17 Be4 (21... Qb7 {vereinfacht} 22. c3 Be7 23. Kb1 Rc4) 22. Rd2 Qc4 (22... Qb7 $17) 23. Qxc4 $15 Rxc4 24. Ne2 O-O 25. Bd4 Be7 26. Rg3 Rfc8 27. c3 a5 28. Kd1 b4 29. axb4 axb4 30. cxb4 Bxb4 31. Bc3 Ra8 32. Rd4 (32. b3 $1 $15 Rcc8 33. Bxb4 Ra1+ 34. Nc1 Rcxc1+ (34... Raxc1+ 35. Ke2 $17) 35. Ke2) 32... Rxd4+ $17 33. Nxd4 Bd6 34. Ne2 Bc5 35. Ke1 (35. Nc1 $17) 35... Ra1+ $19 36. Kd2 Rh1 37. g5 Rxh2 38. gxh6 g6 $1 ({Minderwertig wäre} 38... Rxh6 39. Rxg7+ (39. Bxg7 Rh5 $11) 39... Kf8 40. Rg5 $16) 39. Bg7 (39. Be5 $17) 39... Bd5 40. Rd3 Bf8 ({Besser ist} 40... Kh7 $19 {...Bc4 wäre nun fies.} 41. b3 Bb4+ 42. Ke3 Be1) 41. Bxf8 $15 Kxf8 42. b3 Ke7 43. Re3 Rxh6 44. Kc3 Rh8 ({Günstiger ist} 44... Rh4 $19 45. b4 Rh1) 45. Nd4 (45. Nc1 $17 {kämpft weiter.}) 45... Kd6 46. Kd2 Rh4 47. Ne2 Bb7 48. Rd3+ Ke7 49. Rd4 {[%emt 0:01:19] [#]} Bf3 $1 50. Ng1 Bh5 51. Ke3 Rh1 52. Kf2 Rh2+ 53. Kg3 Rb2 54. b4 (54. Rd3 {ist wohl besser.}) 54... Rb3+ $19 55. Kg2 Bg4 56. Rc4 Kf6 57. Rd4 $2 (57. Rc7) 57... g5 $19 58. Rc4 (58. Kf2 $142) 58... Kg6 $19 59. Rd4 f6 60. Rc4 gxf4 61. Rxf4 Kg5 62. Re4 e5 63. Kf2 Rc3 $2 (63... Kf5 64. Rc4 e4) 64. Kg2 $2 (64. Re3 Rc2+ 65. Kg3) 64... Kf5 $19 65. Re1 Rb3 0-1

[Event "Fagernes Chess GM-Swiss 2024"]
[Site "Fagernes"]
[Date "2024.03.25"]
[Round "2"]
[White "Brynell, Stellan"]
[Black "Ganguly, Surya Shekhar"]
[Result "0-1"]
[ECO "D63"]
[WhiteElo "2406"]
[BlackElo "2574"]
[Annotator "TA"]
[PlyCount "92"]
[EventDate "2024.03.25"]
[EventType "swiss"]
[EventCountry "NOR"]
[SourceTitle "playchess.com"]
[Source "ChessBase"]
[SourceQuality "1"]
[TimeControl "40/6000+30:2400+30"]

1. d4 Nf6 2. Nf3 e6 3. c4 d5 4. Nc3 Nbd7 5. Bg5 h6 6. Bh4 Be7 7. e3 O-O 8. Rc1 c5 9. cxd5 (9. dxc5 {with more complications.} Nxc5 10. cxd5 g5 11. d6) 9... Nxd5 10. Bxe7 Nxe7 {[%emt 0:00:05] The position is equal.} 11. Be2 b6 12. O-O Bb7 13. dxc5 Nxc5 14. b4 Ne4 15. Nxe4 Bxe4 16. Qa4 Ng6 17. b5 Bd5 18. e4 Nf4 19. Rfe1 Bb7 20. Bf1 f5 21. Red1 Qf6 22. Qd4 ({Don't blunder} 22. e5 $2 Nh3+ 23. Kh1 (23. gxh3 $2 Qg6+ $19) 23... Qg6 $17 (23... Nxf2+ $2 24. Kg1 $16)) 22... Bxe4 23. Qxf6 gxf6 24. Nd4 Rf7 {[%emt 0:18:21][%cal Of4h3] Strongly threatening ...Nh3+!} 25. f3 Bd5 26. g3 Ng6 {[%emt 0:00:50][%cal Of7d7] [#]} 27. Nxf5 $1 Kh7 {[%emt 0:00:48] [#]} (27... Rh7 28. Bg2) 28. Rxd5 exd5 $11 29. f4 h5 30. Bd3 {[%emt 0:04:13] Black must now prevent Nh4.} Kh8 31. Kf2 {[%emt 0:10:43] [#]} (31. Rc6 $11 {keeps the balance.}) 31... Rd7 (31... Ne5 $1 $17 32. Be2 (32. fxe5 $2 {perishes.} fxe5 33. Rc6 e4 $19) 32... Ng4+ 33. Kg1 d4) 32. Nd4 (32. Rc6 $11) 32... Ne7 $17 33. Be2 Rc8 34. Rd1 h4 $1 35. gxh4 (35. Bg4 $17 f5 36. Be2) 35... Rc3 $19 36. h5 Nc8 37. Bf3 (37. Bg4 $17 {is a better defense.} Rg7 38. Bf3) 37... Nd6 38. Bxd5 {[%emt 0:00:42] [#]} (38. Ne2 $142 Ra3 39. Rxd5) 38... Nxb5 $1 39. Nxb5 Rc5 40. Nxa7 Rcxd5 ({Don't play} 40... Rdxd5 41. Rxd5 Rxd5 42. a4) 41. Rxd5 Rxd5 {[%emt 0:00:06] KR-KN} 42. Nc8 b5 {[%emt 0:00:59] And now ...Rd2+ would win.} 43. Kg3 $2 (43. Na7) 43... Rd7 {[%emt 0:06:01] aiming for ...b4. Black is clearly winning.} 44. Kg4 b4 45. Kf5 Rd2 46. Kxf6 Rxa2 {[%emt 0:00:07] Weighted Error Value: White=0.55/Black=0.12 (very precise) .  Mistake:       	White=7     	Black=1      Inaccurate:     	White=3     	Black=3      OK:         	White=9     	Black=13     Best:        	White=2     	Black=1      Strong:       	---       	Black=1      Brilliant:      	White=1     	---} 0-1

[Event "Fagernes Chess GM-Swiss 2024"]
[Site "Fagernes"]
[Date "2024.03.25"]
[Round "2"]
[White "Narva, Mai"]
[Black "Gorshtein, Ido"]
[Result "0-1"]
[ECO "B86"]
[WhiteElo "2399"]
[BlackElo "2539"]
[Annotator "TA"]
[PlyCount "102"]
[EventDate "2024.03.25"]
[EventType "swiss"]
[EventCountry "NOR"]
[SourceTitle "playchess.com"]
[Source "ChessBase"]
[SourceQuality "1"]
[TimeControl "40/6000+30:2400+30"]

1. e4 c5 2. Nf3 d6 3. d4 cxd4 4. Nxd4 Nf6 5. Nc3 a6 6. Bc4 e6 7. Be3 Be7 8. Bb3 O-O 9. g4 Nfd7 {[%emt 0:00:09] [#]} 10. h4 $1 Nc5 $1 $11 11. g5 {[%emt 0:01:35] Die Stellung ist ausgeglichen.} b5 12. Nd5 Bb7 (12... exd5 $17 13. Bxd5 Ra7) 13. Nf5 $2 exf5 $19 ({Schwächer ist} 13... exd5 14. Bxd5 Bxd5 15. Qxd5 $17) 14. exf5 Nxb3 15. axb3 Qd7 16. Rg1 Bd8 17. Qd3 Bxd5 18. Qxd5 Qc6 19. Qd3 Nd7 {[%emt 0:01:50][%cal Bb8d7,Bd7e5,Be5f3][%mdl 32] Und jetzt ...Ne5 wäre schön.} 20. O-O-O Rc8 21. Kb1 Ne5 22. Qe2 Qf3 {[%emt 0:04:42] Wehrt Rg3 ab} 23. Qxf3 Nxf3 24. Rg4 Rc6 25. f6 Bb6 26. Bxb6 Rxb6 27. Rf4 Ne5 28. fxg7 Kxg7 29. Rf6 Rd8 30. h5 {[%emt 0:01:06] [#]} h6 $1 31. Rf5 Rh8 ({Bloß nicht} 31... hxg5 32. Rxe5 dxe5 33. Rxd8 $17) 32. f4 Nf3 33. Rd3 Nh4 34. Rfd5 hxg5 35. Rxg5+ Kf6 36. b4 Nf5 37. b3 Ne7 38. Kb2 d5 39. Rd4 Re6 40. c4 Re2+ 41. Kc3 Rh2 42. cxd5 (42. Rd1 $142) 42... Nf5 43. Rd2 R2xh5 (43... Rc8+ $142 44. Kd3 Rh3+ 45. Ke2 Rcc3 (45... Rxb3 $2 46. h6 $19)) 44. Rxh5 Rxh5 {[%emt 0:00:03][%mdl 4096] Endspiel. KRN-KR} 45. d6 Rh8 46. Rd5 Rd8 47. d7 Ng7 {[%emt 0:01:33] Zielt auf ...Ne6 ab.} 48. Rd6+ Ke7 49. Rxa6 Rxd7 50. Rc6 Ne6 {[%emt 0:01:54][%cal Od7c7] ...Rc7! ist eine echte Drohung.} 51. f5 Rc7 {[%emt 0:00:07] Schwarz nahm nach der Eröffnung die Zügel in die Hand.   Gewichteter Fehlerwert: Weiß=0.68/Schwarz=0.30.  Verlustzug:     	Weiß=1     	---        Fehler:       	Weiß=3     	Schwarz=1     Ungenau:       	Weiß=1     	---        OK:         	Weiß=7     	Schwarz=16    Bester:       	Weiß=1     	Schwarz=1     Stark:        	---       	Schwarz=1} 0-1

[Event "Fagernes Chess GM-Swiss 2024"]
[Site "Fagernes"]
[Date "2024.03.25"]
[Round "2"]
[White "Audi Ameya"]
[Black "Zheng, Harry Z"]
[Result "1-0"]
[ECO "E05"]
[WhiteElo "2378"]
[BlackElo "2077"]
[Annotator "RC"]
[PlyCount "77"]
[EventDate "2024.03.25"]
[EventType "swiss"]
[EventCountry "NOR"]
[SourceTitle "playchess.com"]
[Source "ChessBase"]
[SourceQuality "1"]
[TimeControl "40/6000+30:2400+30"]

1. Nf3 Nf6 2. c4 e6 3. g3 d5 4. Bg2 Be7 5. O-O O-O 6. d4 dxc4 7. Qc2 a6 8. Qxc4 b5 9. Qc2 Bb7 10. Bd2 Ra7 11. Rc1 Be4 12. Qb3 Nc6 13. e3 Qa8 14. Qd1 b4 15. Qf1 Rc8 16. Be1 a5 17. Nbd2 Bd5 18. Nc4 Qb7 19. Nfd2 Nb8 20. a4 bxa3 21. bxa3 Bxg2 22. Qxg2 a4 23. Nf3 Ra6 24. Rab1 Qa7 25. Nfe5 Nfd7 26. Bb4 c5 27. dxc5 Nxc5 28. Nd2 Nc6 29. Nxc6 Raxc6 30. Rc2 R6c7 31. Rbc1 Bf8 32. h4 Nd7 33. Rxc7 Rxc7 34. Rxc7 Qxc7 35. Qa8 Qc1+ 36. Kg2 Qc2 37. Nf3 f6 38. Qe8 Qc6 39. Bxf8 1-0

[Event "Fagernes Chess GM-Swiss 2024"]
[Site "Fagernes"]
[Date "2024.03.25"]
[Round "2"]
[White "Mihajlov, Sebastian"]
[Black "Kulaots, Kaido"]
[Result "0-1"]
[ECO "B69"]
[WhiteElo "2373"]
[BlackElo "2534"]
[Annotator "TA"]
[PlyCount "84"]
[EventDate "2024.03.25"]
[EventType "swiss"]
[EventCountry "NOR"]
[SourceTitle "playchess.com"]
[Source "ChessBase"]
[SourceQuality "1"]
[TimeControl "40/6000+30:2400+30"]

1. e4 c5 2. Nf3 d6 3. d4 cxd4 4. Nxd4 Nf6 5. Nc3 Nc6 6. Bg5 e6 7. Qd2 a6 8. O-O-O Bd7 9. f4 Be7 10. Nf3 b5 11. Bxf6 gxf6 12. f5 Qb6 13. Qh6 O-O-O 14. Qh5 Rdf8 15. Kb1 {[%emt 0:09:52] White is slightly better.} Kb7 16. g3 $1 Qc5 17. Bh3 Na5 18. Nd4 (18. Ne2 $16) 18... b4 $11 19. Nce2 e5 $1 20. Nb3 Nxb3 21. axb3 Bc6 22. Qf3 Rc8 {[%emt 0:00:37][%cal Oc5c2] ...Qxc2+! is the strong threat.} 23. Rd2 Bf8 24. Nc1 h5 25. Bf1 (25. Re1 $11) 25... Bh6 $17 26. Rg2 Qe3 {[%emt 0:04:12] Black is more active.} 27. Qxe3 Bxe3 28. Bd3 {[%emt 0:00:41] White is weak on the dark squares} d5 29. Re1 d4 30. c3 h4 $36 {[%emt 0:01:53][%mdl 2048] Keeping White busy.} 31. Na2 bxc3 32. bxc3 hxg3 33. hxg3 a5 {[%emt 0:00:31] Prevents Nb4.} 34. b4 Ba4 $1 35. bxa5 Rc5 (35... dxc3 $1 $19 {Strongly threatening ...Bd2.} 36. Rxe3 Rh1+ 37. Nc1 Ka8 (37... Rb8 $2 38. Bb5 $17)) 36. Nb4 $2 {[%emt 0:03:16] Now White is beyond hope.} (36. Rb2+ $15 Ka8 37. cxd4 Bxd4 38. Rb4) 36... Rxc3 $19 ({Not} 36... Rxa5 37. Nd5 $17) 37. Bc2 {[%emt 0:00:02] Prevents Rb3+.} (37. Bf1) 37... Bxc2+ $1 ({Worse is} 37... Bb5 38. Nd5 Rc5 (38... Ra3 39. Kb2 $11) 39. Nxe3 dxe3 40. Rxe3 $14) 38. Rxc2 {[%emt 0:00:06] [#]} Rb3+ 39. Rb2 Rxb2+ 40. Kxb2 {[%emt 0:00:06] [#]} Bd2 $1 41. Rb1 Bxb4 42. Kc2 $2 (42. Ka1 Ka6 43. Rxb4) 42... Rc8+ {[%emt 0:02:50] Weighted Error Value: White=0.50/Black=0.13 (very precise) .  Loses game:     	White=1     	---        Mistake:       	White=4     	Black=1      Inaccurate:     	White=5     	Black=4      OK:         	White=10    	Black=11     Best:        	White=1     	Black=6      Strong:       	White=1     	Black=4} 0-1